 Dungeon Crawl Stone Soup version 0.29-a0-664-gff9cad4a3d (webtiles) character file.

Game seed: 16588585600496343545

168 xian the Shooter (level 5, -4/25 HPs)
             Began as a Spriggan Arcane Marksman on June 23, 2022.
             Slain by Edmund
             ... wielding a +4 flail of protection
              (6 damage)
             ... on level 4 of the Dungeon.
             The game lasted 00:08:25 (2391 turns).

xian the Shooter (Spriggan Arcane Marksman)         Turns: 2391, Time: 00:08:25

Health: -4/25      AC:  2    Str: 10    XL:     5   Next: 24%
Magic:  8/8        EV: 18    Int: 15    God:
Gold:   149        SH:  0    Dex: 17    Spells: 2/7 levels left

rFire   + . .      SeeInvis +   o - +8 hunting sling "Ucef" {vorpal, +Blink rPois rF+ Str+4}
rCold   . . .      Faith    .   (no shield)
rNeg    . . .      Spirit   .   b - +0 robe
rPois   +          Reflect  .   (helmet restricted)
rElec   .          Harm     .   (no cloak)
rCorr   .          Rampage  .   (gloves unavailable)
Will    .....                   (boots unavailable)
Stlth   ++........              (no amulet)
HPRegen 0.08/turn               (no ring)
MPRegen 0.11/turn               (no ring)

@: very quick
A: very small, no large weapons, unfitting armour, see invisible, speed 3
a: Evoke Blink


You were on level 4 of the Dungeon.
You visited 1 branch of the dungeon, and saw 4 of its levels.

You collected 149 gold pieces.

Inventory:

Hand Weapons
 d - a +1 short sword
 o - the +8 hunting sling "Ucef" (weapon) {vorpal, +Blink rPois rF+ Str+4}
   (You found it on level 4 of the Dungeon)

   Any ammunition fired from it inflicts extra damage upon your enemies.
   Str:       It affects your strength (+4).
   rF:        It protects you from fire.
   rPois:     It protects you from poison.
   +Blink:    It lets you blink.
Armour
 b - a +0 robe (worn)
Wands
 j - a wand of flame (7)
Scrolls
 c - a scroll of vulnerability
 i - 2 scrolls of teleportation
 k - 2 scrolls of blinking
Potions
 a - a potion of lignification {unknown}
 e - a potion of attraction {unknown}
 f - a potion of magic {unknown}
 g - a potion of flight {unknown}
 h - 2 potions of might {unknown}
 l - a potion of berserk rage {unknown}
 m - a potion of curing {unknown}
 n - 3 potions of haste {unknown}


   Skills:
 + Level 1.1 Fighting
 + Level 1.5 Slings
 + Level 5.2 Bows
 + Level 3.1 Dodging
 + Level 1.1 Stealth
 + Level 1.7 Spellcasting
 + Level 4.3 Hexes
 + Level 0.2 Summonings


You had 2 spell levels left.
You knew the following spells:

 Your Spells              Type           Power      Damage    Failure   Level
a - Slow                  Hex            56%        N/A       3%          1
b - Summon Small Mammal   Summ           4%         N/A       22%         1
c - Summon Guardian Gole  Hex/Summ       8%         N/A       26%         3

Your spell library contained the following spells:

 Spells                   Type           Power      Damage    Failure   Level
 Inner Flame              Hex/Fire       7%         N/A       28%         3
 Portal Projectile        Hex/Tloc       14%        N/A       28%         3
 Cause Fear               Hex            7%         N/A       36%         4
 Call Canine Familiar     Summ           1%         N/A       54%         3
 Ignite Poison            Fire/Tmut/Pois 1%         N/A       56%         3
 Leda's Liquefaction      Hex/Erth       3%         N/A       67%         4
 Metabolic Englaciation   Hex/Ice        3%         N/A       95%         5
 Irradiate                Conj/Tmut      0%         3d13      99%         5


Dungeon Overview and Level Annotations

Branches:
Dungeon (4/15)
 Temple: D:4-7

Altars:
Okawaru
Ru

Annotations:
D:4 Edmund


Innate Abilities, Weirdness & Mutations

You are very small and have problems with some larger weapons.
You are too small for most types of armour.
You have supernaturally acute eyesight. (SInv)
You cover ground extremely quickly. (Speed+++)


Message History

You are too injured to fight recklessly!
Fire: o) +8 hunting sling "Ucef" {vorpal, +Blink rPois rF+ Str+4}
Press: ? - help, Q - select action, (/) - cycle Shift-Dir - straight line, f/p - Edmund
Aim: Edmund, wielding a +4 flail of protection and wearing a +2 ring mail of cold resistance (almost dead, 69% to hit)
You shoot a sling bullet. The sling bullet barely misses Edmund.
Unknown command.
Fire: o) +8 hunting sling "Ucef" {vorpal, +Blink rPois rF+ Str+4}
Press: ? - help, Q - select action, (/) - cycle Shift-Dir - straight line, f/p - Edmund
Aim: Edmund, wielding a +4 flail of protection and wearing a +2 ring mail of cold resistance (severely wounded, 69% to hit)
You shoot a sling bullet. The sling bullet hits Edmund.
Edmund is almost dead.
Fire: o) +8 hunting sling "Ucef" {vorpal, +Blink rPois rF+ Str+4}
Press: ? - help, Q - select action, (/) - cycle Shift-Dir - straight line, f/p - Edmund
Aim: Edmund, wielding a +4 flail of protection and wearing a +2 ring mail of cold resistance (almost dead, 69% to hit)
You shoot a sling bullet.
The sling bullet hits Edmund but does no damage.
Edmund is almost dead.
Edmund says, "A flail is better than a scythe, any day of the week!"
Fire: o) +8 hunting sling "Ucef" {vorpal, +Blink rPois rF+ Str+4}
Press: ? - help, Q - select action, (/) - cycle Shift-Dir - straight line, f/p - Edmund
Aim: Edmund, wielding a +4 flail of protection and wearing a +2 ring mail of cold resistance (almost dead, 69% to hit)
You shoot a sling bullet. The sling bullet hits Edmund.
Edmund is almost dead.
Fire: o) +8 hunting sling "Ucef" {vorpal, +Blink rPois rF+ Str+4}
Press: ? - help, Q - select action, (/) - cycle Shift-Dir - straight line, f/p - Edmund
Aim: Edmund, wielding a +4 flail of protection and wearing a +2 ring mail of cold resistance (almost dead, 69% to hit)
You shoot a sling bullet.
The sling bullet hits Edmund but does no damage.
Edmund is almost dead.
Edmund hits you with a +4 flail of protection!
* * * LOW HITPOINT WARNING * * *
Unknown command.
Fire: o) +8 hunting sling "Ucef" {vorpal, +Blink rPois rF+ Str+4}
Press: ? - help, Q - select action, (/) - cycle Shift-Dir - straight line, f/p - Edmund
Aim: Edmund, wielding a +4 flail of protection and wearing a +2 ring mail of cold resistance (almost dead, 69% to hit)
You shoot a sling bullet.
The sling bullet hits Edmund but does no damage.
Edmund is almost dead.
Edmund hits you with a +4 flail of protection.
You die...

............###.##.##.)......#
..........<.###..#####.##..####
...........###..># #..#......#
###..........##..##
#....###..### #
#..#........#...###....# #....#
###..##.......#..###...#.#
##....
.....##..###.....###..####
#..... .....##..# ##.##@##....#
#...## .....##..# ####@#.#...#
#.##.# .....##..# #........##
#..... ........#.
###.......####..#.# #......##.
###.....##.#..### #......# >
##.........)# ....#..#
##.......#.### ....##.
..........### ..... ......##.##
.#.. ##..### ###


You could see Edmund.

Vanquished Creatures
  A necrophage (D:4)
  A jelly (D:4)
  An adder (D:4)
  A worm (D:4)
  2 dart slugs
  An orc (D:4)
  4 bats
  6 endoplasms
  4 giant cockroaches
  3 goblins (D:1)
  3 hobgoblins
  4 jackals
  4 ball pythons
  6 frilled lizards
  8 kobolds
  4 rats
53 creatures vanquished.

Notes
Turn   | Place    | Note
-------+----------+-------------------------------------------
     0 | D:1      | xian the Spriggan Arcane Marksman began the quest for the
                  | Orb.
     0 | D:1      | Reached XP level 1. HP: 9/9 MP: 3/3
     6 | D:1      | Got the Handbook of Mutagenic Hexes
   118 | D:1      | Found a faded altar of an unknown god.
   290 | D:1      | Reached XP level 2. HP: 14/14 MP: 5/5
   516 | D:1      | Reached skill level 3 in Bows
   808 | D:1      | Reached XP level 3. HP: 17/17 MP: 6/6
  1072 | D:2      | Found a sacrificial altar of Ru.
  1568 | D:2      | Learned a level 1 spell: Summon Small Mammal
  1581 | D:2      | Reached skill level 4 in Bows
  1849 | D:4      | Identified the +8 hunting sling "Ucef" {vorpal, +Blink
                  | rPois rF+ Str+4}
  2108 | D:4      | Noticed a necrophage
  2113 | D:4      | Killed a necrophage
  2114 | D:4      | Reached skill level 1 in Fighting
  2114 | D:4      | Reached skill level 1 in Slings
  2114 | D:4      | Reached XP level 4. HP: 22/22 MP: 7/7
  2161 | D:4      | Found an iron altar of Okawaru.
  2256 | D:4      | Reached skill level 5 in Bows
  2256 | D:4      | Reached XP level 5. HP: 25/25 MP: 8/8
  2262 | D:4      | Learned a level 3 spell: Summon Guardian Golem
  2281 | D:4      | Reached skill level 1 in Stealth
  2339 | D:4      | Noticed Edmund
  2391 | D:4      | Slain by Edmund

Illustrated notes

Levels and vault maps discovered:
D:1:      amcnicky_arrival_feature_with_door, layout_basic,
          chequers_ecumenical_altar_island, minmay_pentomino_s4
D:2:      layout_loops_ring, basic_altar, amcnicky_mini_pool_small,
          minmay_misc_feat_four_crosses, st_stairs_4
D:3:      layout_basic, serial_shops, shop, minmay_fountain_box,
          dk_noncrumbling_4
D:4:      layout_cave_pools, okawaru_gym_becter, uniq_edmund

Skill      XL: |  1  2  3  4  5 |
---------------+----------------+-----
Hexes          | 4 |  4.3
Bows           | 3 4 5 |  5.2
Fighting       | 1 |  1.1
Slings         | 1 |  1.5
Dodging        | 3 |  3.1
Stealth        | 1 |  1.1
Spellcasting   | |  1.7
Summonings     | |  0.2

Action                   |  1- 3 |  4- 6 || total
-------------------------+-------+-------++-------
 Fire: Shortbow          |   148 |       ||   148
       Hunting sling     |    10 |    31 ||    41
 Cast: Slow              |     5 |     1 ||     6
       Summon Small Mamm |     2 |       ||     2
  Use: Scroll            |     2 |     3 ||     5
Armor: Robe              |     9 |     2 ||    11
Dodge: Dodged            |    55 |     4 ||    59

Table legend: (Time is in decaauts)
 A = Elapsed time spent in this place.
 B = Non-inter-level travel time spent in this place.
 C = Inter-level travel time spent in this place.
 D = Time resting spent in this place.
 E = Time spent auto-exploring this place.
 F = Levels seen in this place.
 G = Mean time per level.
                   A        B        C        D        E       F      G
               +--------+--------+--------+--------+--------+-----+--------+
         Total |   1834 |   1808 |     26 |      5 |   1320 |   4 |  458.5 |
       Dungeon |   1834 |   1808 |     26 |      5 |   1320 |   4 |  458.5 |
               +--------+--------+--------+--------+--------+-----+--------+

Top non-repeatable levels by time:
     D:1: 820 daAuts
     D:4: 513 daAuts
     D:2: 438 daAuts
     D:3: 62 daAuts
